Map: Ascension to Aiur LE

Players

destroyerguy

  • Race: Protoss Protoss
  • League: Bronze
  • Spawn Location: 5:00

Marcelo - Winner!

  • Race: Protoss Protoss
  • League: Bronze
  • Spawn Location: 11:00

VOD

Have the link to the VOD?

Description

Time

  • Played on: Dec. 31, 2017, 11:55 a.m.
  • Length: 16:13
Show
View Real Time Build Order
Export as new Build Order

destroyerguy Protoss 

Build Orders: Blink Stalkers 

Get SALT Encoding   

  12  0:04  Probe  
  13  0:16  Pylon  
  13  0:36  Gateway  
  13  0:42  Probe  
  14  0:51  Pylon  
  14  0:54  Probe  
  15  1:02  Assimilator  
  15  1:06  Probe  
  15  1:09  Assimilator  
  17  1:18  Probe  
  17  1:25  Cybernetics Core  
  17  1:30  Probe (Chrono Boost)  
  18  1:42  Probe (Chrono Boost)  
  19  1:47  Probe (Chrono Boost)  
  19  1:51  Gateway  
  20  1:57  Probe  
  21  2:26  Warp Gate (Chrono Boost)  
  21  2:27  Nexus  
  21  2:44  Gateway  
  21  2:53  Twilight Council  
  21  3:02  Pylon  
  21  3:19  Gateway  
  21  3:28  Stargate  
  21  3:34  Stargate  
  21  3:43  Blink (Chrono Boost)  
  21  4:05  Probe (Chrono Boost)  
  22  4:15  Probe (Chrono Boost)  
  23  4:20  Probe (Chrono Boost)  
  24  4:26  Stalker x2  
  24  4:29  Stalker  
  30  4:31  Probe  
  31  4:43  Probe  
  32  4:56  Probe (Chrono Boost)  
  34  5:08  Probe (Chrono Boost)  
  34  5:13  Probe (Chrono Boost)  
  35  5:22  Probe  
  35  5:23  Nexus  
  35  5:25  Pylon  
  35  5:27  Pylon  
  36  5:30  Pylon  
  36  5:34  Probe  
  37  5:50  Stalker  
  37  5:51  Stalker x2  
  37  5:52  Stalker  
  45  6:01  Pylon  
  45  6:03  Pylon  
  45  6:05  Pylon  
  37  7:02  Void Ray  
  37  7:03  Void Ray  
  45  7:08  Resonating Glaives  
  45  7:13  Probe  
  46  7:18  Assimilator  
  46  7:22  Assimilator  
  46  7:25  Probe  
  46  7:28  Zealot x3  
  53  7:37  Zealot, Probe  
  56  7:45  Void Ray x2  
  56  7:46  Probe  
  56  7:49  Probe  
  62  7:58  Probe  
  62  8:01  Probe  
  49  8:10  Probe  
  45  8:16  Probe  
  45  8:22  Probe  
  45  8:26  Cybernetics Core  
  46  8:29  Gateway, Probe  
  46  8:30  Gateway  
  46  8:32  Gateway  
  51  8:34  Probe (Chrono Boost)  
  49  8:46  Probe (Chrono Boost)  
  49  8:47  Probe (Chrono Boost)  
  46  8:53  Probe (Chrono Boost)  
  43  9:01  Probe  
  38  9:11  Probe  
  38  9:13  Probe  
  33  9:23  Probe  
  28  9:25  Probe  
  28  9:31  Gateway  
  29  9:35  Probe  
  29  9:37  Probe  
  31  9:45  Pylon  
  31  9:47  Probe  
  31  9:48  Pylon  
  31  9:49  Probe  
  33  9:57  Zealot  
  33  9:58  Zealot x2  
  29  10:14  Stargate x2  
  29  10:47  Nexus  
  29  10:50  Assimilator  
  29  10:55  Assimilator  
  29  10:56  Stalker x3  
  35  10:57  Void Ray (Chrono Boost)  
  35  10:58  Void Ray (Chrono Boost), Pylon  
  35  11:00  Pylon  
  35  11:02  Pylon  
  43  11:33  Void Ray (Chrono Boost)  
  47  11:43  Fleet Beacon  
  46  11:57  Stalker x3  
  52  12:09  Stalker  
  48  12:40  Oracle (Chrono Boost)  
  31  13:06  Oracle (Chrono Boost)  
  20  13:28  Probe  
  21  13:40  Probe  
  22  13:52  Probe  
  20  14:04  Probe  
  21  14:16  Probe  
  22  14:21  Nexus  
  22  14:28  Probe  
  23  14:40  Probe  
  23  14:52  Probe  
  22  15:04  Probe  
Show
View Real Time Build Order
Export as new Build Order

Marcelo Protoss - Winner!

Build Orders:  

Get SALT Encoding   

  12  0:21  Probe  
  13  0:33  Probe  
  14  0:41  Pylon  
  14  0:45  Pylon  
  14  0:49  Probe  
  15  1:01  Probe  
  16  1:04  Gateway  
  16  1:08  Gateway  
  16  1:13  Pylon  
  16  1:15  Probe  
  17  1:26  Assimilator  
  17  1:27  Probe  
  18  1:38  Forge  
  18  1:51  Zealot  
  20  1:55  Zealot  
  20  1:58  Cybernetics Core  
  22  2:02  Probe  
  23  2:13  Assimilator  
  23  2:14  Probe  
  24  2:21  Zealot  
  26  2:24  Zealot  
  26  2:26  Probe  
  29  2:40  Probe  
  30  2:52  Zealot, Probe  
  30  2:53  Zealot  
  35  3:03  Twilight Council  
  35  3:04  Probe  
  36  3:07  Pylon  
  36  3:28  Photon Cannon  
  36  3:35  Protoss Ground Weapons Level 1  
  36  3:37  Charge (Chrono Boost)  
  36  3:41  Zealot  
  38  3:42  Zealot  
  40  3:51  Photon Cannon  
  40  4:11  Stalker  
  40  4:13  Stalker  
  44  4:26  Photon Cannon  
  44  4:29  Gateway  
  44  4:43  Robotics Facility  
  44  4:58  Stalker  
  46  5:07  Pylon  
  46  5:12  Pylon  
  46  5:25  Stalker x2  
  50  5:33  Dark Shrine  
  50  5:34  Observer  
  51  5:41  Stalker  
  53  5:47  Warp Gate  
  53  6:02  Observer  
  54  6:07  Photon Cannon  
  54  6:14  Pylon  
  54  6:18  Zealot  
  56  6:19  Zealot  
  56  6:20  Zealot  
  59  7:00  Probe  
  60  7:36  Dark Templar  
  64  7:37  Dark Templar, Nexus  
  64  7:38  Dark Templar  
  64  7:41  Protoss Ground Armor Level 1  
  66  7:47  Pylon  
  66  7:51  Pylon  
  54  8:58  Probe  
  54  9:00  Dark Templar  
  54  9:01  Dark Templar  
  61  9:03  Dark Templar  
  61  9:10  Probe  
  62  9:22  Probe  
  63  9:31  Observer  
  64  9:34  Probe  
  64  9:35  Protoss Shields Level 1  
  65  9:46  Probe  
  66  10:26  Photon Cannon  
  66  10:31  Photon Cannon  
  66  10:38  Dark Templar  
  66  10:39  Dark Templar  
  66  10:41  Dark Templar  
  72  10:43  Observer  
  73  11:59  Dark Templar  
  73  12:00  Dark Templar  
  77  12:01  Observer, Dark Templar  
  71  13:09  Photon Cannon  
  69  13:39  Stargate  
  69  13:42  Stalker  
  69  13:43  Stalker  
  69  13:45  Stalker  
  75  13:58  Photon Cannon  
  77  14:40  Stalker  
  77  14:41  Stalker  
  77  14:43  Stalker  
  81  14:51  Photon Cannon  
  69  15:22  Observer  
  67  15:30  Phoenix  
Tags
 
Add a new tag
Caveats
  • Supply blocks, unpowered buildings, or Contaminate may cause inaccurate times.
  • Supply counts are checked every 10 seconds.